 Dungeon Crawl Stone Soup version 0.19-a0-172-g3b1235c (webtiles) character file.

241 Kidiri the Magician (level 5, -2/34 HPs)
             Began as a High Elf Fire Elementalist on May 22, 2016.
             Killed by divine providence
             ... invoked by an orc priest
              (10 damage)
             ... on level 3 of the Dungeon.
             The game lasted 00:17:33 (2849 turns).

Kidiri the Magician (High Elf Fire Elementalist)    Turns: 2849, Time: 00:17:34

Health: -2/34      AC:  3    Str:  7    XL:     5   Next: 80%
Magic:  0/12       EV: 14    Int: 20    God:
Gold:   107        SH:  0    Dex: 15    Spells: 4 memorised, 3 levels left

rFire  . . .     SeeInvis .     o - +1 short sword
rCold  . . .     Gourm    .     a - +0 robe
rNeg   . . .     Faith    .     (no shield)
rPois  .         Spirit   .     (no helmet)
rElec  .         Dismiss  .     k - +0 cloak
rCorr  .         Reflect  .     (no gloves)
SustAt .         Harm     .     (no boots)
MR     .....                    (no amulet)
Stlth  ++........               (no ring)
                                (no ring)

@: very slightly contaminated, hasted, very quick, not resistant to hostile
enchantments, unstealthy
A: no striking features
a: no special abilities


You were on level 3 of the Dungeon.
You were not hungry.

You visited 1 branch of the dungeon, and saw 3 of its levels.
You also visited: Sewer.

You collected 107 gold pieces.

Inventory:

Hand Weapons
 o - a +1 short sword (weapon)
Armour
 a - a +0 robe (worn)
 k - a +0 cloak (worn)
Scrolls
 d - a scroll of fog {unknown}
 e - 4 scrolls of teleportation
 i - 3 scrolls of magic mapping
 j - 3 scrolls of blinking
 l - 2 scrolls of remove curse {unknown}
 m - a scroll of fear {unknown}
 p - a scroll of amnesia {unknown}
Potions
 g - a potion of invisibility {unknown}
 h - 2 potions of haste
 n - 2 potions of brilliance
 u - 5 potions of flight
 v - a potion of might {unknown}
Books
 b - a book of Flames

   Spells                             Type                      Level
   a - Flame Tongue                   Conjuration/Fire             1
   b - Throw Flame                    Conjuration/Fire             2
   c - Conjure Flame                  Conjuration/Fire             3
   d - Inner Flame                    Hexes/Fire                   3
   e - Sticky Flame                   Conjuration/Fire             4
   f - Fireball                       Conjuration/Fire             5
Comestibles
 c - 3 bread rations
 f - 2 royal jellies
 q - 2 fruits
 r - a chunk of flesh
 t - a meat ration


   Skills:
 + Level 1.8 Fighting
 + Level 1.1 Armour
 * Level 3.7 Dodging
 - Level 2.1 Stealth
 * Level 4.0 Spellcasting
 + Level 2.3 Conjurations
 + Level 1.4 Hexes
 + Level 3.4 Fire Magic


You had 3 spell levels left.
You knew the following spells:

 Your Spells              Type           Power        Failure   Level  Hunger
a - Flame Tongue          Conj/Fire      ###..        4%          1    None
b - Throw Flame           Conj/Fire      ###...       10%         2    #......
c - Conjure Flame         Conj/Fire      ###.....     14%         3    ###....
d - Inner Flame           Hex/Fire       ##......     17%         3    ###....


Dungeon Overview and Level Annotations

Branches:
Dungeon (3/15)

Altars:
Zin


Message History

The orc priest hits you with a dagger of speed.
* * * LOW HITPOINT WARNING * * *
Unknown command.
Casting: Flame Tongue
Confirm with . or Enter, or press ? or * to list all spells.
Aiming: Flame Tongue
Press: ? - help, Shift-Dir - straight line, f - orc priest
Aim: an orc priest, wielding a dagger of speed and wearing a scale mail (heavily wounded)
The flame tongue misses the orc priest.
The orc priest hits you but does no damage.
Casting: Flame Tongue
Confirm with . or Enter, or press ? or * to list all spells.
Aiming: Flame Tongue
Press: ? - help, Shift-Dir - straight line, f/p - orc priest
Aim: an orc priest, wielding a dagger of speed and wearing a scale mail (heavily wounded)
The flame tongue hits the orc priest.
The orc priest is almost dead.
The orc priest calls down the wrath of Beogh upon you.
Beogh smites you!
You die...

### ###### #.# #.o..#####.#
******* #.##.....#.#
*,,,,,,
#.######.#.#######*,,,,,,
#§# #..........,,,,,,, #o#
###.######**,,,,,, ##(#
###@o...$....,,,,,,,
##(.####)).#..######,,,,,,,
#(...()))###.....***,,,,,,,
#.#<)##### #..##..#*,,,,,,,
#.##≈# ##..,,..,,,,,,,,
#.##≈# *...,,.,,,,,,,,
#.##≈# *....,,,,,,,,,,
#..#≈# *.....,,,,,,,,,
#..#≈# *,,,,,,,,,,,,,,


You could see an orc priest.

Vanquished Creatures
  Purgy (Sewer)
  Robin (D:3)
  6 adders
  An ooze (D:1)
  A worm (D:2)
  2 dart slugs
  A giant gecko (D:3)
  3 orcs (D:3)
  12 hobgoblins
  4 jackals (D:1)
  5 kobolds
  3 ball pythons
  5 bats
  8 giant newts
  11 goblins
  5 rats
69 creatures vanquished.

Notes
Turn   | Place    | Note
--------------------------------------------------------------
     0 | D:1      | Kidiri the High Elf Fire Elementalist began the quest for the Orb.
     0 | D:1      | Reached XP level 1. HP: 11/11 MP: 4/4
   455 | D:1      | Reached XP level 2. HP: 18/18 MP: 6/6
   459 | D:1      | Learned a level 2 spell: Throw Flame
   862 | D:1      | Reached skill level 1 in Fighting
   952 | D:1      | Reached skill level 3 in Spellcasting
  1150 | D:1      | Reached XP level 3. HP: 22/23 MP: 3/8
  1155 | D:1      | Learned a level 3 spell: Inner Flame
  1740 | D:2      | Reached XP level 4. HP: 27/28 MP: 1/10
  1745 | D:2      | Learned a level 3 spell: Conjure Flame
  1810 | D:2      | Found a glowing silver altar of Zin.
  2320 | D:3      | Found a glowing drain.
  2329 | Sewer    | Entered a sewer
  2483 | Sewer    | Reached skill level 1 in Hexes
  2509 | Sewer    | Noticed Purgy
  2516 | Sewer    | Killed Purgy
  2516 | Sewer    | Reached skill level 1 in Armour
  2516 | Sewer    | Reached XP level 5. HP: 24/33 MP: 3/11
  2765 | D:3      | Noticed Robin
  2786 | D:3      | Killed Robin
  2788 | D:3      | Reached skill level 4 in Spellcasting
  2849 | D:3      | Killed from afar by an orc priest

Vault maps used:
D:1:      evilmike_arrival_rings, item_on_display_a
D:2:      old_standard_altar, first_bread, minmay_crystal_water
D:3:      nemelex_deck, portal_sewer_entry_d, uniq_robin
Sewer:    sewer_co_purgy_island

Skill      XL: |  1  2  3  4  5 |
---------------+----------------+-----
Fighting       | 1 |  1.8
Spellcasting   | 3 4 |  4.0
Dodging        | 3 |  3.7
Hexes          | 1 |  1.4
Armour         | 1 |  1.1
Conjurations   | 2 |  2.3
Stealth        | |  2.1
Fire Magic     | |  3.4

Action                   |  1- 3 |  4- 6 || total
-------------------------+-------+-------++-------
Melee: Short sword       |    23 |    30 ||    53
       Club              |     1 |       ||     1
 Cast: Flame Tongue      |    44 |    40 ||    84
       Throw Flame       |    14 |    10 ||    24
       Conjure Flame     |       |     4 ||     4
  Use: Scroll            |     7 |     2 ||     9
       Potion            |       |     6 ||     6
 Stab: Sleeping          |     5 |     1 ||     6
  Eat: Chunk             |     3 |     4 ||     7
Armor: Robe              |     5 |    12 ||    17
Dodge: Dodged            |    30 |    37 ||    67
